Cogmind - Beta 17 @@@ ROGUE MODE // 2026.07.25 @ 23:41:09 Player: Noggity Result: Destroyed by P-80 Master with Gamma Rifle Performance ------------- Evolutions (8) 4000 Regions Visited (15) 3000 Robots Destroyed (151) 755 Value Destroyed (5121) 5121 Prototype IDs (18) 360 Alien Tech Used (1) 200 Bonus (11883) 11883 TOTAL SCORE: 25319 Bonus ------- Follower Combat Kills 683 Prayed to X0-1V1 5000 Major X0-1V1 Interference 5700 Entered DSFs 500 Cogmind --------- Core Integrity 0/1750 Matter 202/900 Energy 27/300 System Corruption 8% Temperature Cool (0) Movement Core (100) Ox1 Location -2/Research Parts ------- > --- POWER (3) -------- (None) > --- PROPULSION (7) --- (None) > --- UTILITY (10) ----- Improved Target Analyzer Advanced Dynamic Insulation System > --- WEAPON (4) ------- Nanosword > --- INVENTORY (5) ---- (None) Peak State ------------ > --- POWER ------------ Light Particle Reactor Graviton Reactor Light Quantum Reactor > --- PROPULSION ------- Armored Heavy Treads Biometal Heavy Treads Advanced Heavy Siege Treads Experimental Biometal Medium Treads > --- UTILITY ---------- Advanced Trap Scanner Advanced Sensor Array Improved Target Analyzer Advanced Recoil Stabilizer Improved Weapon Cycler Advanced Weapon Cycler Experimental Cloaking Device Advanced Dynamic Insulation System X0-1V1's Piety Tracker > --- WEAPON ----------- KE Penetrator Hypervelocity Mass Driver Gravity Flail Force Lance > --- INVENTORY -------- Light Quantum Reactor Centrium Wheel Centrium Wheel Micro-nuke Launcher Micro-nuke Launcher [Rating: 187] Favorites ----------- Power Ion Engine Engine Ion Engine Power Core Light Nuclear Core Reactor Micro Antimatter Reactor Propulsion Light Treads Treads Light Treads Leg Improved VSS Leg Wheel Centrium Wheel Hover Unit Linear Gravjet Flight Unit Improved VTOL Module Utility X0-1V1's Piety Tracker Device X0-1V1's Piety Tracker Storage High-capacity Storage Unit Processor Improved Target Analyzer Hackware Hacking Suite Protection Light Armor Plating Weapon Heavy Machine Gun Energy Gun Advanced Beam Rifle Ballistic Gun Heavy Machine Gun Ballistic Cannon Hypervelocity Mass Driver Launcher Subdweller Shrapnel Launcher Impact Weapon Gravity Flail Slashing Weapon Chainsword Piercing Weapon Force Lance Build | -11 -10 -10 -10 -9 -8 -8 -7 -6 -6 -6 -5 -4 -4 -3 -2 ------- Run | Yrd Mat Min Exi Min Mat Sto Fac Fac Low Low Fac Fac DSF Res Res Slots Evolved 16 | . . . . . 4 . 2 2 . . 2 2 . 2 2 Power 1 | . . . . . . . . . . . . 1 . . . Propulsion 5 | . . . . . . . 1 1 . . 1 . . 1 1 Utility 7 | . . . . . 4 . . . . . . 1 . 1 1 Weapon 3 | . . . . . . . 1 1 . . 1 . . . . Parts Attached 192 | . 14 . . 9 5 40 9 10 9 1 40 1 15 16 23 Power 20 | . 2 . . 2 1 4 . 1 1 . 3 . . 2 4 Engine 7 | . 2 . . 1 . 2 . 1 1 . . . . . . Core 5 | . . . . 1 1 2 . . . . 1 . . . . Reactor 8 | . . . . . . . . . . . 2 . . 2 4 Propulsion 64 | . 4 . . 2 1 17 2 3 3 . 12 1 8 5 6 Treads 17 | . 2 . . 2 . 7 1 1 . . . . . . 4 Leg 22 | . 2 . . . 1 1 . 2 3 . 12 1 . . . Wheel 7 | . . . . . . . 1 . . . . . . 4 2 Hover 15 | . . . . . . 6 . . . . . . 8 1 . Flight 3 | . . . . . . 3 . . . . . . . . . Utility 58 | . 3 . . 1 2 9 5 2 2 . 15 . 3 8 8 Device 38 | . 2 . . . 2 3 3 2 1 . 9 . 3 6 7 Storage 4 | . 1 . . 1 . . . . . . 1 . . . 1 Processor 6 | . . . . . . 2 . . . . 3 . . 1 . Hackware 1 | . . . . . . 1 . . . . . . . . . Protection 9 | . . . . . . 3 2 . 1 . 2 . . 1 . Artifact . | . . . . . . . . . . . . . . . . Weapon 50 | . 5 . . 4 1 10 2 4 3 1 10 . 4 1 5 Energy Gun 7 | . 1 . . 1 . 2 . 1 . . 2 . . . . Energy Cannon . | . . . . . . . . . . . . . . . . Ballistic Gun 22 | . 4 . . . 1 5 1 2 3 . 5 . . . 1 Ballistic Cannon 7 | . . . . 1 . 1 . . . . . . 4 . 1 Launcher 8 | . . . . 2 . 1 1 . . . 2 . . . 2 Special Weapon . | . . . . . . . . . . . . . . . . Impact Weapon 2 | . . . . . . . . . . 1 . . . . 1 Slashing Weapon 3 | . . . . . . 1 . 1 . . 1 . . . . Piercing Weapon 1 | . . . . . . . . . . . . . . 1 . Special Melee Weapon . | . . . . . . . . . . . . . . . . Unidentified Prototypes 17 | . 1 . . . . 6 . 1 . . 3 . . . 6 Corrupted Parts 3 | . . . . . . 3 . . . . . . . . . System Corruption 11 | . . . . . . 11 . . . . . . . . . Parts Lost 116 | . 2 . . 5 2 17 8 3 4 . 38 . 3 2 32 Power 12 | . 1 . . . 1 3 . 1 . . 1 . . . 5 Propulsion 44 | . . . . 2 1 6 3 1 3 . 17 . 2 1 8 Utility 35 | . . . . . . 6 3 1 . . 11 . 1 1 12 Weapon 25 | . 1 . . 3 . 2 2 . 1 . 9 . . . 7 Highest Loss Streak 24 | . 1 . . 4 1 12 3 3 2 . 16 . 3 2 24 To Critical Strikes . | . . . . . . . . . . . . . . . . Average Backups 12 | 6 8 10 10 9 13 18 15 16 18 17 15 3 4 4 4 Power 1 | 1 1 2 2 1 2 2 2 2 1 1 1 1 . . . Propulsion 2 | 4 2 2 2 1 3 4 1 3 4 3 1 . 1 . 1 Utility 3 | . 2 3 3 2 3 3 4 6 6 6 5 1 1 2 . Weapon 4 | 1 1 3 3 3 4 7 6 4 5 7 6 1 1 1 2 Tool/Special . | . . . . . . . . . . . . . . . . Unused Backups 43 | . 3 1 . 4 . 14 3 3 6 . 4 . . 1 4 Power 2 | . . . . 1 . . . . 1 . . . . . . Propulsion 14 | . . . . 1 . 8 1 . . . . . . . 4 Utility 15 | . 3 . . 2 . 1 1 2 3 . 2 . . 1 . Weapon 12 | . . 1 . . . 5 1 1 2 . 2 . . . . Tool/Special . | . . . . . . . . . . . . . . . . Average Slot Usage (%) 89 | . 96 100 100 97 68 88 87 90 86 93 89 5 40 89 82 Engine 5 | . 13 14 14 7 . 6 . 1 5 6 1 . . . . Core 2 | . . . . 6 8 . 7 4 . . 1 . 3 3 . Reactor 1 | . . . . . . . . . . . 2 . . 4 6 Treads 13 | . 11 28 28 26 14 19 22 13 2 . . . . . 2 Leg 6 | . 16 . . . 3 1 . 2 13 18 24 . . . . Wheel 2 | . . . . . . . 2 6 5 6 1 . . 1 19 Hover 2 | . . . . . . . . . . . . . 22 29 4 Device 17 | . 11 14 14 14 20 20 11 20 21 18 16 5 5 23 26 Storage 8 | . 14 14 14 14 9 8 7 6 5 6 4 . . . . Processor 2 | . . . . . . 3 3 . . . 8 . . 2 4 Hackware 1 | . . . . . . 1 7 6 5 6 . . . . . Protection 3 | . . . . . . 7 7 4 1 6 3 . . 3 2 Energy Gun 2 | . 2 . . 3 . 3 7 8 5 . 1 . . . . Ballistic Gun 12 | . 24 28 28 14 3 5 8 12 17 18 18 . . . . Ballistic Cannon 2 | . . . . 5 9 1 . . . . . . 8 15 6 Slashing Weapon 1 | . . . . . . 4 . 2 1 5 . . . . . Peak Build Rating 187 | 6 20 20 20 32 42 53 51 71 88 84 103 21 90 150 187 Average Rating 56 | 6 11 20 20 24 35 44 44 64 80 82 91 15 65 131 143 On Entrance 44 | 6 6 20 20 20 30 42 30 50 70 82 84 14 15 90 139 Avg Prop Armor Cover (%) 10 | . . . . . 6 5 13 14 11 9 10 . 18 5 7 Naked Turns 46 | . . . . . . . . . . . 46 . . . . Heaviest Build 83 | 14 20 19 19 60 68 79 67 68 79 74 81 1 56 69 83 Greatest Support 255 | 20 40 40 40 48 48 68 80 28 28 28 95 25 58 69 255 Greatest Overweight (x) 12 | . 4 . . 1 2 12 2 2 2 2 3 . 1 1 3 Average Overweight (x) . | . . . . . 1 1 1 2 2 2 . . . . . Largest Inventory Capacity 20 | 8 10 10 10 20 20 20 20 20 20 20 20 5 5 5 5 Average Capacity 14 | 8 9 10 10 11 20 20 20 20 20 20 19 5 5 5 5 Most Carried 20 | 6 10 10 10 14 17 20 20 20 20 20 20 4 5 5 5 Average Carried 13 | 6 8 9 10 9 14 18 16 17 19 18 16 3 4 4 4 Final Capacity 20 | 8 10 10 10 20 20 20 20 20 20 20 5 5 5 5 5 Final Carried 20 | 6 10 10 10 14 17 12 18 19 18 20 3 4 5 5 . Class Distribution -------------------- 50% | Mutant 8% | Gunner 5% | Scavenger-Gunner 4% | Commander-Mutant 4% | Scavenger-Tank 4% | Scavenger-Mutant 3% | Sprinter 3% | Scavenger-Skirmisher Dominant Class ---------------- Mutant | -10/Materials Mutant | -10/Mines Mutant | -10/Exiles Mutant | -9/Mines Mutant | -8/Materials Mutant | -8/Storage Scavenger-Tank | -7/Factory Tank | -6/Factory Scientist-Gunner | -6/Lower Caves Scientist-Tank | -6/Lower Caves Scavenger-Gunner | -5/Factory Scavenger-Gunner | -4/Factory Gunner | -4/DSF Sprinter | -3/Research Mutant | -2/Research Resources | -11 -10 -10 -10 -9 -8 -8 -7 -6 -6 -6 -5 -4 -4 -3 -2 ----------- Run | Yrd Mat Min Exi Min Mat Sto Fac Fac Low Low Fac Fac DSF Res Res Matter Collected 7342 | 200 260 . . 444 128 1954 616 395 1011 30 1503 . 10 200 591 Remotely 1282 | . . . . . . 740 . . . . 542 . . . . Salvage Created 5982 | . 310 . . 351 55 890 497 358 535 . 2058 . . 200 728 Parts 298 | . 28 . . 25 3 39 28 13 28 . 97 . . 13 24 Haulers Intercepted 8 | . 2 . . . . 3 . 1 . . 1 . . . 1 Recyclers Shooed 4 | . 1 . . . . . . . . . 2 . . . 1 Parts Field Recycled . | . . . . . . . . . . . . . . . . Retrieved Matter . | . . . . . . . . . . . . . . . . Parts Self-Destructed 38 | . . . . . . . . . 38 . . . . . . Prevented . | . . . . . . . . . . . . . . . . Parts Restored 2 | . . . . . . . . . . . . . . 2 . Broken 2 | . . . . . . . . . . . . . . 2 . Kills | -11 -10 -10 -10 -9 -8 -8 -7 -6 -6 -6 -5 -4 -4 -3 -2 ------- Run | Yrd Mat Min Exi Min Mat Sto Fac Fac Low Low Fac Fac DSF Res Res Combat Hostiles Destroyed 107 | . 10 . . 20 2 13 11 2 14 . 28 . . 2 5 Melee 4 | . . . . . . . . . . . . . . 1 3 Guns 66 | . 10 . . 3 . 5 7 2 14 . 25 . . . . Cannons 16 | . . . . 9 2 3 . . . . . . . 1 1 AOE 19 | . . . . 8 . 5 3 . . . 3 . . . . Classes Destroyed 18 | . 4 . . 3 1 4 2 . . . 3 . . . 1 Worker 11 | . . . . . . 4 1 . . . 4 . . 1 1 Builder 10 | . . . . . . 1 4 . . . 3 . . . 2 Tunneler 2 | . 1 . . . . . . . . . 1 . . . . Hauler 8 | . 2 . . . . 3 . 1 . . 1 . . . 1 Recycler 9 | . . . . . . 1 2 1 . . 2 . . . 3 Mechanic 1 | . . . . . . . . . . . 1 . . . . Drone 2 | . . . . . . . . . . . . . . . 2 Watcher 3 | . . . . . . . 1 . . . 1 . . 1 . Swarmer 25 | . 8 . . 7 . . 3 . 7 . . . . . . Cutter 3 | . . . . . . 3 . . . . . . . . . Grunt 46 | . 2 . . 6 1 11 6 1 2 . 17 . . . . Brawler 2 | . . . . . . . . . . . 2 . . . . Sentry 10 | . . . . 4 . 2 1 1 1 . . . . 1 . Demolisher 2 | . . . . 2 . . . . . . . . . . . Specialist 1 | . . . . . . . . . . . 1 . . . . Hunter 5 | . . . . . 1 . . . . . 2 . . . 2 Programmer 9 | . . . . . . . 1 . . . 6 . . 1 1 Assembled 1 | . . . . 1 . . . . . . . . . . . Thug 4 | . . . . . . . . . 4 . . . . . . Best Kill Streak 10 | . 2 . . 5 1 4 8 1 7 . 10 . . 2 2 Combat Bots Only 7 | . 2 . . 5 1 3 3 1 7 . 7 . . 1 2 Max Kills in Single Turn 6 | . 1 . . 2 1 4 3 1 2 . 6 . . 1 1 Gunslinging 1 | . . . . . . 1 . . 1 . . . . . . Exploded 3 | . . . . 2 . 2 2 . . . 3 . . . . Melee 1 | . . . . . . . . . . . . . . 1 1 Uniques/NPCs Destroyed . | . . . . . . . . . . . . . . . . Combat | -11 -10 -10 -10 -9 -8 -8 -7 -6 -6 -6 -5 -4 -4 -3 -2 -------- Run | Yrd Mat Min Exi Min Mat Sto Fac Fac Low Low Fac Fac DSF Res Res Hostile Shots Fired 1549 | . 97 . . 82 23 203 116 52 92 . 336 . 92 44 412 Missed 484 | . 19 . . 23 9 57 36 20 28 . 113 . 49 12 118 Hits 1065 | . 78 . . 59 14 146 80 32 64 . 223 . 43 32 294 Melee 21 | . . . . . . . . . . . 7 . . . 14 Projectile 1044 | . 78 . . 59 14 146 80 32 64 . 216 . 43 32 280 AOE 7 | . . . . 1 . . . 6 . . . . . . . Critical Strikes 54 | . 1 . . 2 . 6 3 . 3 . 15 . . 7 17 Part Disruptions 6 | . . . . 1 . . . . . . . . 1 . 4 Actively Blocked 4 | . . . . . . . . . . . . . . . 4 Damage Taken 19996 | . 728 . . 864 216 2462 1110 749 1123 . 4505 . 489 766 6984 Core 3859 | . 99 . . 109 33 511 196 130 92 . 783 . 75 74 1757 Absorbed by Shields 74 | . . . . . . . . . . . 74 . . . . Ignored by Resistances 60 | . . . . . . . . . . . 60 . . . . Core Remaining (%) 75 | 100 . . . 78 . 36 80 . . 80 39 . 94 95 . Volleys Fired 321 | . 63 . . 33 16 46 31 8 25 . 78 . 2 1 18 Largest 5 | . 2 . . 2 2 2 3 4 5 . 4 . 4 3 3 Hottest 240 | . 85 . . 80 60 94 134 138 206 . 240 . 224 168 170 Shots Fired 811 | . 125 . . 58 24 71 54 33 110 . 301 . 8 3 24 Gun 692 | . 125 . . 25 8 48 43 33 110 . 299 . . . 1 Cannon 73 | . . . . 17 16 11 . . . . . . 8 3 18 Launcher 46 | . . . . 16 . 12 11 . . . 2 . . . 5 Special . | . . . . . . . . . . . . . . . . Kinetic 628 | . 104 . . 37 24 48 21 25 77 . 262 . 8 3 19 Thermal 141 | . 21 . . . . 11 31 8 33 . 37 . . . . Explosive 29 | . . . . 16 . 4 2 . . . 2 . . . 5 Electromagnetic 13 | . . . . 5 . 8 . . . . . . . . . Robot Hit Streak 22 | . 7 . . 9 6 11 22 5 7 . 9 . 3 1 6 Robot Miss Streak 6 | . 4 . . 3 4 3 2 5 6 . 5 . 4 . 4 Penetration Max 1 | . . . . . . . . . . . . . 1 . 1 Secondary Targets 17 | . 1 . . . . 1 . . 7 . 8 . . . . Max Gunslinging Chain 2 | . 1 . . . . 1 . . 2 . 1 . . . . Shots Hit Robots 487 | . 72 . . 31 12 65 40 23 50 . 157 . 3 8 26 Core Hits 293 | . 28 . . 34 5 37 36 19 22 . 91 . . 6 15 Critical Kills 11 | . . . . . . . . . . . 8 . . 1 2 Critical Parts Destroyed 17 | . 1 . . . . . . . 1 . 9 . 3 . 3 Critical Strikes 43 | . 4 . . 1 1 3 1 1 2 . 17 . 4 3 6 Burn 7 | . 3 . . . . 1 1 1 1 . . . . . . Destroy 29 | . 1 . . . . . . . 1 . 17 . 4 1 5 Blast 4 | . . . . 1 1 2 . . . . . . . . . Sever 1 | . . . . . . . . . . . . . . . 1 Impale 2 | . . . . . . . . . . . . . . 2 . Melee Attacks 83 | . . . . . . 15 . 2 1 . 1 . . 28 36 Impact 14 | . . . . . . . . . . . . . . . 14 Slashing 28 | . . . . . . 15 . 2 1 . 1 . . . 9 Piercing 41 | . . . . . . . . . . . . . . 28 13 Sneak Attacks 18 | . . . . . . 8 . 1 . . . . . 3 6 Combat Hostiles 1 | . . . . . . . . . . . . . . . 1 Follow-up Attacks 1 | . . . . . . . . . . . . . . . 1 Damage Inflicted 15434 | . 750 . . 1134 179 2362 1851 443 1292 . 4904 . 95 547 1877 Guns 8186 | . 750 . . 120 17 732 750 378 1292 . 4119 . . . 28 Cannons 1030 | . . . . 396 162 250 . . . . . . 95 13 114 Explosions 3841 | . . . . 611 . 704 1095 . . . 779 . . . 652 Melee 2352 | . . . . . . 671 . 64 . . . . . 534 1083 Ramming 25 | . . . . 7 . 5 6 1 . . 6 . . . . Kinetic 8125 | . 608 . . 516 179 782 962 278 953 . 3597 . 95 13 142 Thermal 1933 | . 142 . . . . 200 630 100 339 . 522 . . . . Explosive 2409 | . . . . 611 . 385 253 . . . 779 . . . 381 Electromagnetic 319 | . . . . . . 319 . . . . . . . . . Impact 181 | . . . . . . . . . . . . . . . 181 Slashing 1074 | . . . . . . 671 . 64 . . . . . . 339 Piercing 1097 | . . . . . . . . . . . . . . 534 563 Entropic 271 | . . . . . . . . . . . . . . . 271 Highest Corruption 18 | . 4 4 4 6 . 14 2 2 2 . 18 . . 12 8 Average Corruption 6 | . 3 4 4 4 . 10 1 2 2 . 13 . . 1 4 Corruption Purged . | . . . . . . . . . . . . . . . . Corruption Blocked . | . . . . . . . . . . . . . . . . Effects 103 | . 9 1 12 8 . 9 4 4 5 . 47 . . 1 3 Message Errors 26 | . 3 1 1 4 . 4 1 1 1 . 9 . . . 1 Matter Fused 19 | . 3 . 2 . . 3 . . 2 . 7 . . . 2 Heat Flow Errors 12 | . . . 5 1 . 1 . 1 . . 4 . . . . Energy Discharges 15 | . 1 . 2 1 . . 1 1 . . 8 . . 1 . Parts Rejected 1 | . 1 . . . . . . . . . . . . . . Data Loss (minor) 12 | . 1 . . 1 . 1 2 . 2 . 5 . . . . Data Loss (major) 3 | . . . 2 . . . . . . . 1 . . . . Misfires 4 | . . . . 1 . . . 1 . . 2 . . . . Alerts 1 | . . . . . . . . . . . 1 . . . . Weapon Failures 10 | . . . . . . . . . . . 10 . . . . Overload Shots . | . . . . . . . . . . . . . . . . Overflow Damage 525 | . . . . 39 . 77 18 . . . 11 . . 149 231 Projectiles 8 | . . . . 8 . . . . . . . . . . . Explosions 117 | . . . . 31 . 44 18 . . . 11 . . . 13 Melee 400 | . . . . . . 33 . . . . . . . 149 218 Knockbacks 9 | . . . . 1 3 2 . . . . 1 . 1 . 1 Impact 1 | . . . . . . . . . . . 1 . . . . Kinetic 8 | . . . . 1 3 2 . . . . . . 1 . 1 Secondary . | . . . . . . . . . . . . . . . . Self-Inflicted Damage 325 | . . . . 129 . 98 46 . . . 13 . . . 39 Shots 14 | . . . . 5 . 6 1 . . . 1 . . . 1 Rammed 8 | . . . . 3 1 2 1 1 . . . . . . . Targets Rammed 10 | . . . . 3 1 2 1 1 . . 2 . . . . Kicked 2 | . . . . . . . . . . . 2 . . . . Crushed . | . . . . . . . . . . . . . . . . Highest Temperature 428 | . 184 . 218 292 8 161 317 150 325 . 147 . 147 428 421 Average Temperature 98 | . 64 . 93 69 3 26 115 41 111 . 38 . 65 148 128 Received Heat Transfer 3887 | . 117 . . 297 63 1224 360 42 225 . 989 . 18 9 543 Effects 17 | . . . . . . . . . 1 . . . . 12 4 Shutdowns 7 | . . . . . . . . . . . . . . 6 1 Energy Bleed 2 | . . . . . . . . . 1 . . . . . 1 Interference 4 | . . . . . . . . . . . . . . 3 1 Matter Decay 2 | . . . . . . . . . . . . . . 1 1 Short Circuit 2 | . . . . . . . . . . . . . . 2 . Siege Activations . | . . . . . . . . . . . . . . . . Martial Activations . | . . . . . . . . . . . . . . . . Shielding Activations . | . . . . . . . . . . . . . . . . Robots Disrupted . | . . . . . . . . . . . . . . . . Combat Hostiles . | . . . . . . . . . . . . . . . . Robots Corrupted 1 | . . . . . . . . . . . . . . . 1 Combat Hostiles 1 | . . . . . . . . . . . . . . . 1 Parts Fried 1 | . . . . . . 1 . . . . . . . . . Impact Corruptions 1 | . . . . . . . . . . . . . . . 1 Robots Melted 1 | . . . . . . . 1 . . . . . . . . Combat Hostiles 1 | . . . . . . . 1 . . . . . . . . Parts Melted 6 | . . . . . . . 4 . 1 . 1 . . . . Heat Transferred 3995 | . 555 . . . . 444 1197 259 783 . 757 . . . . Parts Sabotaged . | . . . . . . . . . . . . . . . . Parts Stolen . | . . . . . . . . . . . . . . . . Parts Stripped . | . . . . . . . . . . . . . . . . Power Chain Reactions 2 | . . . . . . 2 . . . . . . . . . Alert | -11 -10 -10 -10 -9 -8 -8 -7 -6 -6 -6 -5 -4 -4 -3 -2 ------- Run | Yrd Mat Min Exi Min Mat Sto Fac Fac Low Low Fac Fac DSF Res Res Maximum Alert Level 2 | . . . . 1 . 1 1 . . . 2 1 . . . Low Security (%) 86 | 100 100 100 . 76 100 83 83 100 . . 69 . 100 100 100 Level 1 13 | . . . . 23 . 16 16 . . . 27 100 . . . Level 2 . | . . . . . . . . . . . 2 . . . . Level 3 . | . . . . . . . . . . . . . . . . Level 4 . | . . . . . . . . . . . . . . . . Level 5 . | . . . . . . . . . . . . . . . . High Security . | . . . . . . . . . . . . . . . . Max Security . | . . . . . . . . . . . . . . . . Peak Influence 522 | . 90 10 . 311 129 305 251 93 . . 522 255 186 92 148 Initial 255 | . . 10 . . 117 35 135 93 . . 50 255 171 87 16 Average 78 | . 31 7 . 92 97 86 88 33 . . 133 250 170 25 53 Influence Increases 5098 | . 428 . . 620 117 912 473 64 536 . 1224 . 15 144 565 Destroy 0b10 Robot/C 2560 | . 200 . . 380 60 500 220 40 460 . 560 . . 40 100 Destroy 0b10 Robot/NC 225 | . 15 . . . . 50 40 10 . . 65 . . 10 35 Destroy Leader 494 | . 44 . . 40 20 148 52 12 20 . 114 . . 22 22 Allied During Kill 144 | . . . . . 10 75 . . 56 . . . . . 3 Successful Hack 95 | . 19 . . . 5 13 . . . . 38 . . 5 15 Disable Machine 285 | . . . . 15 15 60 45 . . . 60 . . 15 75 Destroy Structure 590 | . . . . 80 7 51 86 2 . . 132 . . 22 210 Partial Spotted 15 | . . . . . . . . . . . . . . 15 . Lose Combat Pursuer 690 | . 150 . . 105 . 15 30 . . . 255 . 15 15 105 Influence Decreases 5041 | . 400 28 . 317 336 697 582 254 350 106 782 277 104 270 538 Entered New Map 1004 | . . 18 . . 186 49 164 97 . 36 30 267 74 69 14 Time Decay 2889 | . 380 10 . 268 130 467 338 150 250 70 379 10 . 191 246 Lost Part 1028 | . 20 . . 49 20 161 80 7 40 . 373 . 30 10 238 Lost Ally 120 | . . . . . . 20 . . 60 . . . . . 40 Squads Dispatched 35 | . . . . 2 2 3 7 2 . . 11 1 1 2 4 Investigation 9 | . . . . 2 1 2 . 1 . . 2 1 . . . Extermination 9 | . . . . . . . 1 1 . . 3 . . 2 2 Reinforcement 13 | . . . . . 1 1 2 . . . 6 . 1 . 2 Assault . | . . . . . . . . . . . . . . . . Garrison 4 | . . . . . . . 4 . . . . . . . . Intercept . | . . . . . . . . . . . . . . . . Searches Triggered . | . . . . . . . . . . . . . . . . Construction Impeded 2 | . . . . . . . 1 . . . 1 . . . . Haulers Reinforced 1 | . . . . . . . . . . . 1 . . . . Active Scanning Responses . | . . . . . . . . . . . . . . . . Cargo Convoy Interrupts . | . . . . . . . . . . . . . . . . Stealth | -11 -10 -10 -10 -9 -8 -8 -7 -6 -6 -6 -5 -4 -4 -3 -2 --------- Run | Yrd Mat Min Exi Min Mat Sto Fac Fac Low Low Fac Fac DSF Res Res Distress Signals 11 | . 1 . . . . 2 . 1 . . 2 . . 2 3 Communications Jammed . | . . . . . . . . . . . . . . . . Distress Signals . | . . . . . . . . . . . . . . . . Times Spotted 254 | . 32 . . 34 5 32 16 6 26 . 62 . 6 7 28 Peak Tracking Total 20 | . 6 . . 20 3 8 5 3 11 . 15 . 6 4 11 Tactical Retreats 32 | . 9 . . 5 . 1 1 1 . . 5 . 1 1 8 ECM-based Alert Blocks 3 | . . . . . . . . 1 . . . . . . 2 Traps | -11 -10 -10 -10 -9 -8 -8 -7 -6 -6 -6 -5 -4 -4 -3 -2 ------- Run | Yrd Mat Min Exi Min Mat Sto Fac Fac Low Low Fac Fac DSF Res Res Traps Triggered 13 | . 6 . . . . . 1 1 . . 5 . . . . Indirectly . | . . . . . . . . . . . . . . . . Trap Hack Attempts . | . . . . . . . . . . . . . . . . Triggered . | . . . . . . . . . . . . . . . . Disarmed . | . . . . . . . . . . . . . . . . Reprogrammed . | . . . . . . . . . . . . . . . . Reused . | . . . . . . . . . . . . . . . . Traps Extracted . | . . . . . . . . . . . . . . . . Installed . | . . . . . . . . . . . . . . . . Triggered . | . . . . . . . . . . . . . . . . Machines | -11 -10 -10 -10 -9 -8 -8 -7 -6 -6 -6 -5 -4 -4 -3 -2 ---------- Run | Yrd Mat Min Exi Min Mat Sto Fac Fac Low Low Fac Fac DSF Res Res Machines Disabled 20 | . . . . 1 1 4 3 . 1 . 4 . . 1 5 Max in Single Turn 4 | . . . . 1 1 1 3 . . . 4 . . 1 1 Machines Repaired . | . . . . . . . . . . . . . . . . Machines Dismantled . | . . . . . . . . . . . . . . . . Machines Sabotaged . | . . . . . . . . . . . . . . . . Overloaded Fab Kills . | . . . . . . . . . . . . . . . . Hacking | -11 -10 -10 -10 -9 -8 -8 -7 -6 -6 -6 -5 -4 -4 -3 -2 --------- Run | Yrd Mat Min Exi Min Mat Sto Fac Fac Low Low Fac Fac DSF Res Res Machines Accessed 36 | . 6 . . 1 1 7 3 2 1 . 5 2 . 2 6 Terminals 24 | . 5 . . . 1 6 2 1 1 . 3 2 . 1 2 Fabricators 1 | . . . . . . . . . . . 1 . . . . Repair Stations 4 | . 1 . . . . . . . . . 1 . . . 2 Recycling Units 1 | . . . . . . 1 . . . . . . . . . Scanalyzers 4 | . . . . . . . 1 1 . . . . . . 2 Garrison Access 1 | . . . . . . . . . . . . . . 1 . Total Hacks 93 | . 14 . . 1 5 21 6 10 5 . 13 3 . 2 13 Successful 41 | . 4 . . 1 3 9 3 7 5 . 4 1 . 1 3 Failed 50 | . 10 . . . 2 12 3 2 . . 9 2 . 1 9 Catastrophic 12 | . 3 . . . . 1 1 . . . 1 1 . 1 4 Database Lockouts 2 | . . . . . . . . 1 . . . . . . 1 Manual 17 | . 4 . . . 1 3 1 . . . 5 . . . 3 Terminals 66 | . 12 . . . 5 18 4 3 5 . 9 3 . 1 6 Fabricators 2 | . . . . . . . . . . . 2 . . . . Repair Stations 7 | . 2 . . . . . . . . . 2 . . . 3 Recycling Units 3 | . . . . . . 3 . . . . . . . . . Scanalyzers 13 | . . . . . . . 2 7 . . . . . . 4 Garrison Access 1 | . . . . . . . . . . . . . . 1 . Terminal Hacks 24 | . 3 . . 1 2 6 2 1 5 . 2 1 . 1 . Record 8 | . . . . . . 1 . 1 5 . 1 . . . . Robot Analysis 3 | . 1 . . . . 1 . . . . 1 . . . . Prototype ID Bank 1 | . . . . . . 1 . . . . . . . . . Open Door 3 | . . . . 1 . 2 . . . . . . . . . Open DSF 3 | . . . . . . . 1 . . . . 1 . 1 . Branch Access Points 2 | . . . . . 1 . 1 . . . . . . . . Maintenance Status 1 | . 1 . . . . . . . . . . . . . . Hauler Manifests 2 | . 1 . . . 1 . . . . . . . . . . Zone Layout 1 | . . . . . . 1 . . . . . . . . . Fabricator Hacks 1 | . . . . . . . . . . . 1 . . . . Network Status 1 | . . . . . . . . . . . 1 . . . . Repair Station Hacks 2 | . 1 . . . . . . . . . 1 . . . . Scan Component 2 | . 1 . . . . . . . . . 1 . . . . Recycling Unit Hacks 2 | . . . . . . 2 . . . . . . . . . Retrieve Matter 1 | . . . . . . 1 . . . . . . . . . Retrieve Components 1 | . . . . . . 1 . . . . . . . . . Scanalyzer 9 | . . . . . . . 1 6 . . . . . . 2 Insert Component 1 | . . . . . . . . . . . . . . . 1 Retrieve Study 8 | . . . . . . . 1 6 . . . . . . 1 Garrison Access Hacks . | . . . . . . . . . . . . . . . . Unauthorized Hacks 3 | . . . . . 1 1 . . . . . . . . 1 Terminals 3 | . . . . . 1 1 . . . . . . . . 1 Botnet 3 | . . . . . 1 1 . . . . . . . . 1 Fabricators . | . . . . . . . . . . . . . . . . Repair Stations . | . . . . . . . . . . . . . . . . Recycling Units . | . . . . . . . . . . . . . . . . Scanalyzers . | . . . . . . . . . . . . . . . . Garrison Access . | . . . . . . . . . . . . . . . . Data Cores Recovered . | . . . . . . . . . . . . . . . . Used . | . . . . . . . . . . . . . . . . Hacking Detections 27 | . 5 . . . 1 4 3 1 1 . 5 1 . 1 5 Full Trace Events 10 | . 3 . . . 1 2 . 1 . . 2 1 . . . Feedback Events . | . . . . . . . . . . . . . . . . Feedback Blocked . | . . . . . . . . . . . . . . . . Robot Schematics Acquired . | . . . . . . . . . . . . . . . . Robots Built . | . . . . . . . . . . . . . . . . Authchips . | . . . . . . . . . . . . . . . . Time . | . . . . . . . . . . . . . . . . Total Robot Build Rating . | . . . . . . . . . . . . . . . . Part Schematics Acquired . | . . . . . . . . . . . . . . . . Parts Built . | . . . . . . . . . . . . . . . . Authchips . | . . . . . . . . . . . . . . . . Time . | . . . . . . . . . . . . . . . . Total Part Build Rating . | . . . . . . . . . . . . . . . . Part Studies Acquired 8 | . . . . . . . 1 6 . . . . . . 1 Parts Repaired . | . . . . . . . . . . . . . . . . Time . | . . . . . . . . . . . . . . . . Parts Recycled . | . . . . . . . . . . . . . . . . Recycled Matter . | . . . . . . . . . . . . . . . . Retrieved Matter . | . . . . . . . . . . . . . . . . Retrieved Components 6 | . . . . . . 6 . . . . . . . . . Parts Scanalyzed 1 | . . . . . . . . . . . . . . . 1 Part Schematics Acquired . | . . . . . . . . . . . . . . . . Parts Damaged 1 | . . . . . . . . . . . . . . . 1 Bothacking | -11 -10 -10 -10 -9 -8 -8 -7 -6 -6 -6 -5 -4 -4 -3 -2 ------------ Run | Yrd Mat Min Exi Min Mat Sto Fac Fac Low Low Fac Fac DSF Res Res Used RIF Installer . | . . . . . . . . . . . . . . . . Robots Hacked . | . . . . . . . . . . . . . . . . Non-combat . | . . . . . . . . . . . . . . . . Combat . | . . . . . . . . . . . . . . . . Robot Hacks Applied . | . . . . . . . . . . . . . . . . Relay Couplers Released . | . . . . . . . . . . . . . . . . Fabnet Peak Effective % . | . . . . . . . . . . . . . . . . Robots Rewired . | . . . . . . . . . . . . . . . . Allies Hacked . | . . . . . . . . . . . . . . . . Hacks Repelled . | . . . . . . . . . . . . . . . . Allies | -11 -10 -10 -10 -9 -8 -8 -7 -6 -6 -6 -5 -4 -4 -3 -2 -------- Run | Yrd Mat Min Exi Min Mat Sto Fac Fac Low Low Fac Fac DSF Res Res Total Allies 13 | . . . . . 5 1 . 4 . . . . . . 3 Largest Group 5 | . . . . . 5 5 . 4 4 . . . . . 1 Highest-Rated Group 164 | . . . . . 125 142 . 164 164 . . . . . 69 Highest-Rated Ally 142 | . . . . . 25 142 . 41 41 . . . . . 69 Total Orders 1 | . . . . . . 1 . . . . . . . . . AID 1 | . . . . . . 1 . . . . . . . . . Ally Attacks 83 | . . . . . 8 47 . . 23 . . . . . 5 Total Damage 2699 | . . . . . 107 1708 . . 666 . . . . . 218 Kills 24 | . . . . . 1 14 . . 9 . . . . . . Allies Corrupted . | . . . . . . . . . . . . . . . . Allies Melted 2 | . . . . . . . . . 2 . . . . . . X0-1V1 Amusement Gains 323 | . 10 . . 25 . 75 15 15 20 . 98 . 10 . 55 Good Acts 61 | . 2 . . 6 3 12 6 4 4 1 4 . 2 6 11 Bad Acts 39 | . 1 1 . 10 . 1 1 . 4 1 10 . . 1 9 Intel | -11 -10 -10 -10 -9 -8 -8 -7 -6 -6 -6 -5 -4 -4 -3 -2 ------- Run | Yrd Mat Min Exi Min Mat Sto Fac Fac Low Low Fac Fac DSF Res Res Active Infowar (turns) 2637 | . 760 . . . . 353 530 57 . . 211 . . 96 630 Optics 883 | . . . . . . 353 530 . . . . . . . . Sensors 877 | . . . . . . . . . . . 175 . . 96 606 Terrain 760 | . 760 . . . . . . . . . . . . . . Structural 338 | . . . . . . . . . . . . . . . 338 Traps 202 | . . . . . . . . . . . . . . . 202 Cloaking 131 | . . . . . . . . . . . . . . . 131 ECM 116 | . . . . . . . . 57 . . 36 . . . 23 Robot Analysis Total 3 | . 1 . . . . 1 . . . . 1 . . . . Derelict Logs Recovered 2 | . . . . 1 . . . . 1 . . . . . . Drone Launches . | . . . . . . . . . . . . . . . . Drone Recoveries . | . . . . . . . . . . . . . . . . Exploration | -11 -10 -10 -10 -9 -8 -8 -7 -6 -6 -6 -5 -4 -4 -3 -2 ------------- Run | Yrd Mat Min Exi Min Mat Sto Fac Fac Low Low Fac Fac DSF Res Res Turns Passed 9956 | 3 1244 26 554 1258 268 1755 1089 472 590 141 1229 36 81 568 642 Spaces Moved 5351 | 3 735 14 347 624 52 481 484 325 401 115 744 63 74 375 514 Core 171 | . 3 . . . . . . . . . 99 59 8 . 2 Treads 1996 | . 277 14 347 624 52 415 239 . . . . . . . 28 Legs 812 | 3 455 . . . . 13 . . . . 337 4 . . . Wheels 1896 | . . . . . . . 245 325 401 115 308 . . 18 484 Hover 442 | . . . . . . 19 . . . . . . 66 357 . Flight 34 | . . . . . . 34 . . . . . . . . . Fastest Speed 20 | 120 120 160 160 160 160 160 120 120 120 120 50 50 20 24 80 Average Speed 132 | 120 135 160 160 172 264 241 147 120 120 120 104 54 51 29 88 Slowest Speed 875 | 120 250 160 160 240 320 875 240 120 120 120 330 120 112 114 225 Overloaded Moves . | . . . . . . . . . . . . . . . . Propulsion Burnouts . | . . . . . . . . . . . . . . . . Robots Hopped . | . . . . . . . . . . . . . . . . Potential Cave-ins 2 | . . . . . . . . . . . . . . 2 . Cave-ins Triggered . | . . . . . . . . . . . . . . . . Exploration Rate (%) 34 | 2 87 5 86 94 10 61 16 12 56 16 19 2 56 14 22 Regions Visited 15 Branch Regions 6 Pre-discovered Areas 1 | . . . . . . . . . 1 . . . . . . Known Exits Taken 7 | . . . . . 1 1 1 1 1 . . 1 . 1 . Unknown Exits Taken 7 | 1 1 1 1 1 . . . . . 1 1 . . . . Scrap Searched 7 | . . . . 3 . . . . 2 2 . . . . . Spaces Dug 25 | . . . . . . 1 . 1 1 . 1 . . 11 10 Terrain Destroyed 412 | . . . . 144 8 16 81 1 1 . 65 . . 12 84 Melee 25 | . . . . . . 1 . 1 1 . 1 . . 11 10 Projectile 19 | . . . . 8 8 2 . . . . . . . 1 . AOE 368 | . . . . 136 . 13 81 . . . 64 . . . 74 Terrain Rammed . | . . . . . . . . . . . . . . . . Walls Destroyed . | . . . . . . . . . . . . . . . . Machines Disabled . | . . . . . . . . . . . . . . . . Actions | -11 -10 -10 -10 -9 -8 -8 -7 -6 -6 -6 -5 -4 -4 -3 -2 --------- Run | Yrd Mat Min Exi Min Mat Sto Fac Fac Low Low Fac Fac DSF Res Res Total 7538 | 2 869 18 346 749 160 994 814 390 470 118 1037 64 105 773 629 Wait 1231 | . 32 3 . 62 82 331 254 28 5 1 87 . 8 337 1 Move 5336 | 2 734 13 346 623 51 480 483 324 400 114 743 62 73 374 514 Hop . | . . . . . . . . . . . . . . . . Pick Up 118 | . 10 1 . 12 5 22 11 9 10 1 20 . 5 6 6 Fast Attach 108 | . 9 . . . 1 23 6 4 2 1 17 1 13 10 21 Attach 96 | . 2 . . 4 4 17 9 6 7 . 30 . 3 4 10 Detach 34 | . 2 . . . . 11 6 1 1 1 3 1 . 2 6 Swap 66 | . 7 . . 7 . 15 4 2 7 . 18 . . 2 4 Drop 118 | . 10 1 . 5 . 32 9 5 12 . 20 . 1 9 14 Fire 321 | . 63 . . 33 16 46 31 8 25 . 78 . 2 1 18 Melee 82 | . . . . . . 15 . 2 1 . 1 . . 28 35 Ram 1 | . . . . . . . . 1 . . . . . . . Kick 2 | . . . . . . . . . . . 2 . . . . Crush 7 | . . . . 3 1 2 1 . . . . . . . . Escape Stasis 18 | . . . . . . . . . . . 18 . . . . Rewire . | . . . . . . . . . . . . . . . . Trap . | . . . . . . . . . . . . . . . . Miscellaneous . | . . . . . . . . . . . . . . . . Route ------- -11/Scrapyard -10/Materials (discovered 4 exits: [*Mat x2] / [*Min] / [*Sub]) -10/Mines -10/Exiles -9/Mines -8/Materials (discovered 2 exits: *Sto x2) -8/Storage (discovered 2 exits: *Fac / Rec) -7/Factory (discovered 4 exits: *Fac x2 / Low x2) -6/Factory -6/Lower Caves -6/Lower Caves -5/Factory -4/Factory -4/DSF -3/Research (discovered 2 exits: *Res / Arm) -2/Research (discovered 1 exit: Acc) History --------- Turn | Location | Event 1 | -11/Scrapyard | Discovered new exit (range 1) 4 | -11/Scrapyard | Entered Materials 168 | -10/Materials | Discovered new exit (range 6) 303 | -10/Materials | Build established: Mutant 460 | -10/Materials | Discovered new exit (range 10) 625 | -10/Materials | Discovered new exit (range 13) 882 | -10/Materials | Discovered new exit (range 9) 962 | -10/Materials | Prayed at D.C.S.S. Altar Unit 1055 | -10/Materials | X0-1V1 foreshadows a heat wave 1170 | -10/Materials | Energy capacity permanently improved by X0-1V1 (+200; -100 max core) 1248 | -10/Materials | Entered Mines 1255 | -10/Mines | Received a Rocket Launcher from a helpful Derelict 1267 | -10/Mines | Deemed a non-threat by the Exiles lab entrance 1267 | -10/Mines | Discovered new exit (range 5) 1274 | -10/Mines | Entered Exiles 1274 | -10/Exiles | Found Exiles lab abandoned 1814 | -10/Exiles | Discovered new exit (range 10) 1828 | -10/Exiles | Entered Mines 1884 | -9/Mines | Learned Materials terminal intel 2026 | -9/Mines | Met a Derelict shopkeep closing up shop 2254 | -9/Mines | X0-1V1 sent hostile G-34 Mercenary (x3) 2269 | -9/Mines | Core integrity permanently improved by X0-1V1 (+400) 2348 | -9/Mines | Assembled infested the area 2353 | -9/Mines | Assisted by a Guerilla fighting off Assembled 2586 | -9/Mines | X0-1V1 sent hostile Y-45 Defender (x2) 2627 | -9/Mines | Lost 4 parts (2n2w) 3032 | -9/Mines | X0-1V1 activates XOMVISION 3035 | -9/Mines | Discovered new exit (range 5) 3086 | -9/Mines | Entered Materials 3086 | -8/Materials | Evolved 4 slots: Utility x4 3087 | -8/Materials | Loaded intel: 12 terminal locations 3096 | -8/Materials | Identified exit to Storage 3303 | -8/Materials | X0-1V1 sent you to a vault 3354 | -8/Materials | Entered Storage 3354 | -8/Storage | Accompanied by 5 allies 3418 | -8/Storage | Propulsion slot count permanently improved by X0-1V1 (+1) 3607 | -8/Storage | Build established: Commander-Mutant 3790 | -8/Storage | X0-1V1 vaporized surrounding terrain (radius 20) 3835 | -8/Storage | Lost 4 allies 4106 | -8/Storage | Build established: Mutant 4389 | -8/Storage | Identified exit to Recycling 4389 | -8/Storage | X0-1V1 revealed exit location to -8/Recycling 4423 | -8/Storage | X0-1V1 activates XOMVISION 4697 | -8/Storage | X0-1V1 downgraded hostiles (x1) 4712 | -8/Storage | X0-1V1 sent allied H-71 Marshal (x1) 4801 | -8/Storage | Lost 12 parts (1p6n4u1w) 4904 | -8/Storage | Core integrity fell below 50% 4946 | -8/Storage | Lost 4 parts (1p2u1w) 4981 | -8/Storage | System corruption reached 10% 5063 | -8/Storage | Discovered new exit (range 18) 5107 | -8/Storage | Identified exit to Factory 5109 | -8/Storage | Entered Factory 5109 | -7/Factory | Evolved 2 slots: Propulsion x1, Weapon x1 5205 | -7/Factory | Identified exit to Factory 5205 | -7/Factory | X0-1V1 revealed exit location to -6/Factory 5384 | -7/Factory | Build established: Scavenger-Skirmisher 5677 | -7/Factory | Garrison activated, responded to threat 5698 | -7/Factory | Build established: Scavenger-Tank 5710 | -7/Factory | Identified exit to Lower Caves 5754 | -7/Factory | Lost 3 parts (1n1u1w) 5992 | -7/Factory | Lost 3 parts (2n1u) 6043 | -7/Factory | X0-1V1 revealed exit location to -6/Factory 6185 | -7/Factory | Build established: Mutant 6194 | -7/Factory | Garrison activated, responded to threat 6198 | -7/Factory | Entered another Factory area 6198 | -6/Factory | Evolved 2 slots: Propulsion x1, Weapon x1 6426 | -6/Factory | Identified exit to Lower Caves 6426 | -6/Factory | X0-1V1 revealed exit location to -6/Lower Caves 6450 | -6/Factory | Spotted B-75 Beast 6544 | -6/Factory | Lost 3 parts (1p1n1u) 6602 | -6/Factory | X0-1V1 sent you to a vault 6642 | -6/Factory | Central database locked down 6670 | -6/Factory | Entered Lower Caves 6670 | -6/Lower Caves | Accompanied by 4 allies 6804 | -6/Lower Caves | Lost 4 allies 6818 | -6/Lower Caves | Learned location of 2 exits from Upper Caves 6818 | -6/Lower Caves | Identified exit to Lower Caves 6818 | -6/Lower Caves | Learned Armory emergency access door positions 6818 | -6/Lower Caves | Learned Extension garrison access intel 6879 | -6/Lower Caves | X0-1V1 sent hostile Thug (x4) 6887 | -6/Lower Caves | Weapon slot count temporarily expanded by X0-1V1 (+4) 6964 | -6/Lower Caves | Spotted B-75 Beast 7000 | -6/Lower Caves | X0-1V1 vaporized surrounding terrain (radius 23) 7120 | -6/Lower Caves | X0-1V1 sent you into danger 7164 | -6/Lower Caves | Destroyed 7 combat bots 7260 | -6/Lower Caves | Entered another Lower Caves area 7337 | -6/Lower Caves | X0-1V1 activates XOMVISION 7381 | -6/Lower Caves | Discovered new exit (range 10) 7401 | -6/Lower Caves | Entered Factory 7401 | -5/Factory | Evolved 2 slots: Propulsion x1, Weapon x1 7542 | -5/Factory | X0-1V1 mutated your Weapon slot to Utility slot 7617 | -5/Factory | Found Hvy. Reflective Plating 7653 | -5/Factory | Found Prototype Launcher 7653 | -5/Factory | Identified Scatter Rocket Array 7744 | -5/Factory | X0-1V1 upgraded hostiles (x1) 7848 | -5/Factory | System corruption reached 10% 7875 | -5/Factory | X0-1V1 sent you into danger 7878 | -5/Factory | Lost 3 parts (1n2u) 8073 | -5/Factory | Lost 3 parts (1n1u1w) 8097 | -5/Factory | Destroyed 7 combat bots 8306 | -5/Factory | Build established: Scavenger-Gunner 8420 | -5/Factory | Lost 11 parts (6n1u4w) 8577 | -5/Factory | Released all parts (9) 8607 | -5/Factory | Lost 16 parts (1p7n4u4w) 8620 | -5/Factory | Discovered new exit (range 16) 8623 | -5/Factory | Core integrity fell below 50% 8630 | -5/Factory | Entered another Factory area 8630 | -4/Factory | Evolved 2 slots: Power x1, Utility x1 8666 | -4/Factory | Identified exit to DSF 8666 | -4/Factory | Entered DSF 8710 | -4/DSF | Additional patrols routed to DSF 8742 | -4/DSF | Discovered new exit (range 11) 8747 | -4/DSF | Entered Research 8747 | -3/Research | Evolved 2 slots: Propulsion x1, Utility x1 8764 | -3/Research | Lost 3 parts (2n1u) 8841 | -3/Research | X0-1V1 announced a LAN party 8994 | -3/Research | Identified exit to Research 8994 | -3/Research | X0-1V1 revealed exit location to -2/Research 9035 | -3/Research | Identified exit to Armory 9035 | -3/Research | X0-1V1 revealed exit location to -3/Armory 9045 | -3/Research | X0-1V1 activates XOMVISION 9195 | -3/Research | X0-1V1 whisked you away to safety 9308 | -3/Research | System corruption reached 10% 9315 | -3/Research | Entered another Research area 9315 | -2/Research | Evolved 2 slots: Propulsion x1, Utility x1 9464 | -2/Research | Central database locked down 9464 | -2/Research | X0-1V1 activates XOMVISION 9527 | -2/Research | Identified exit to Access 9527 | -2/Research | X0-1V1 revealed exit location to -1/Access 9540 | -2/Research | X0-1V1 announced a LAN party 9697 | -2/Research | Found Prototype Device 9697 | -2/Research | Identified Exp. Cloaking Device 9759 | -2/Research | Lost 5 parts (3u2w) 9768 | -2/Research | X0-1V1 mutated your Propulsion slot to Power slot 9791 | -2/Research | X0-1V1 sent you to a vault 9818 | -2/Research | Found Alien Artifact 9818 | -2/Research | Identified Terrabomb 9818 | -2/Research | Used Terrabomb 9818 | -2/Research | Spotted B-90 Cyclops 9826 | -2/Research | X0-1V1 turns hostiles against one another 9828 | -2/Research | Exp. Cloaking Device reconfigured into Item Mimic 9828 | -2/Research | P-80 Master assimilated allied B-90 Cyclops 9942 | -2/Research | Core integrity fell below 50% 9946 | -2/Research | Enh. Hardcell Cannon reconfigured into Item Mimic 9952 | -2/Research | Core integrity fell below 20% 9957 | -2/Research | Destroyed by P-80 Master with Gamma Rifle Last Messages --------------- corruption cleaned. 09945_ Exp. Cloaking Device destroyed. 09945_ Adv. Trap Scanner destroyed. 09946_ Enh. Hardcell Cannon reconfigures itself into Item Mimic. 09946_ Sneak attack on Item Mimic. 09946_ Destroyed Ripteeth. 09946_ Item Mimic destroyed. 09949_ P-80 Master resets P-80 Master, system corruption cleaned. 09951_ Destroyed Unknown Hover Unit. 09954_ Slug penetrates Wall. 09954_ P-80 Master resets P-80 Master, system corruption cleaned. 09954_ P-80 Master destroyed. 09956_ P-80 Master resets P-80 Master, system corruption cleaned. 09957_ Slug penetrates Wall. 09957_ X0-1V1 bursts into laughter! [Achievement: 20k Club] Map ----- +----------------------------------------------------+ | ?????????????????????????????????????????????????? | | ?????????????????????????????????????????????????? | | ?????????????????????????????????????????????????? | | ?????????????????????????????????????????????????? | | ?????????????????????????????????????????????????? | | ?????????????????????????????????????????????????? | | ?????????????????????????????????????????????????? | | ?????????????????????????????????????????????????? | | ?????????????????????????????????????????????????? | | ?????????????????????????????????????????????????? | | ?????????????????????????????????????????????????? | | ?????????????????????????????????????????????????? | | ?????????????????????????????????????????????????? | | ????????#############????????????????????????????? | | ????????#############????????????????????????????? | | ????????## ##????????????????????????????? | | ????????## ##????????????????????????????? | | ##### """ ##????????????????????????????? | | ########## """ ##????????????????????????????? | | # """ ##????????????????????????????? | | # ##????????????????????????????? | | # [ ##????##########??????????????? | | + #################?????????????? | | #+### ################## ##????????????? | | # ######## """ !%# ##????????????? | | # ####??## """ %@[p ##????????????? | | """# ? # """ p!# """" ##????????????? | | """# # ppp# """" ##???########?? | | """# # # """" ##???########?? | | # # # """" ##??? ##?? | | # ### # + ##??? ##?? | | # ### # p # ### ? ???? | | ?? # ### ######+######/######## """ ???? | | ?? # ##??? # """"##?? | | + ##??? # """"##?? | | ##### ##??? # """##?? | | ##???? + ##?? | | ????? ##????+################# # ###? | | ??????????????? ############## ############? | | ???????????????????????????????## !# ##? | | ???????????????????????????????## !%# ##? | | ???????????????????????????????## # """" ##? | | ???????????????????############## # ""S"" ##? | | ???????????????????# = # " "" "" ##? | | ???????????????????# # # ##? | | ???????????????????# """ """ # # ##? | | ???????????????????# """ """ # # ##? | | ???????????????????# """ " ###"########? | | ???????????????????# + # ==% ##? | | ???????????????????# / # =! ]% ##? | +----------------------------------------------------+ Best States ------------- Heat Dissipation 150 Energy Generation 67 Energy Capacity 2100 Matter Stores 1000 Matter Capacity 1050 Sight Range 23 Robot Scan Range 18 Terrain Scan Range 16 Terrain Scan Density 10 ECM Strength 2 Cloak Strength 4 EM Shielding 4 Armor Coverage 600 Resistance: TH 47 Weapon Cycling 30 Melee Speed Boost 20 Phase Shifting 5 Evasion (%) 61 Target Analysis 8 Armor Integrity Analysis 30 Recoil Reduction 13 Offensive Hacking 10 Item Schematics ----------------- None Robot Schematics ------------------ None Fabricated ------------ Nothing Repaired ---------- Nothing Studied --------- Arm. Huge Wheel | -7/Factory | Hacked Imp. VSS Leg | -6/Factory | Hacked Scythe | -6/Factory | Hacked Plasma Rifle | -6/Factory | Hacked Imp. Ion Engine | -6/Factory | Hacked Flexi-carbon Leg | -6/Factory | Hacked Flak Gun | -6/Factory | Hacked Centrium Wheel | -2/Research | Hacked Alien Tech Used ----------------- Terrabomb Achievements -------------- 20k Club A Problem For Future Me Chaos Is Inevitable Executioner Sprinter Challenges ------------ None Game ------ Seed FluxTerrainClaymores Manual? 0 Play Time 03:00:39 Cumulative 52.0 hours Start 2026.07.25 @ 20:13:39 End 2026.07.25 @ 23:41:09 Sessions 4 Manual Loads 0 Difficulty Rogue Special Mode None Game No. 37 Rogue 37 Adventurer 0 Explorer 0 Win Type - Total 1 Types 1/0/0/0/0/0/0/0/0/0 Lore% 33 Gallery% 39 Achievement% 27 Wizard Run 0 Options --------- Layout 2 ASCII 0 Keyboard 1 Movement Numpad Keybinds 0 Fullscreen 2 Font 24/Smallcaps Map View 50x44 Zoom Use 0% Tactical HUD 1 Map Filters NONE Filters NONE Steam 1 RUN: 877b7d4f-a348-494e-8abd-986da9b6c525